 Dungeon Crawl Stone Soup version 0.22.0-21-g8bd1b0a (webtiles) character file.

63 mhoghedin the Charlatan (level 4, -1/26 HPs)
             Began as a Kobold Artificer on Aug 19, 2018.
             Was an Initiate of Dithmenos.
             Slain by an iguana (4 damage)
             ... on level 1 of the Dungeon.
             The game lasted 00:02:47 (2108 turns).

mhoghedin the Charlatan (Kobold Artificer)          Turns: 2108, Time: 00:02:48

Health: -1/26      AC:  5    Str: 10    XL:     4   Next: 30%
Magic:  7/7        EV: 15    Int: 12    God:    Dithmenos [......]
Gold:   58         SH:  0    Dex: 15    Spells: 3/3 levels left

rFire    + . .     SeeInvis .   a - +0 short sword
rCold    + . .     Gourm    .   (shield restricted)
rNeg     . . .     Faith    .   b - +0 leather armour
rPois    +         Spirit   .   (no helmet)
rElec    +         Reflect  .   (no cloak)
rCorr    +         Harm     .   p - +0 pair of gloves
MR       .....                  q - +0 pair of boots
Stlth    ++........             (no amulet)
HPRegen  0.08/turn              (no ring)
MPRegen  0.10/turn              (no ring)

@: resistant
A: small, carnivore
a: Renounce Religion


You were on level 1 of the Dungeon.
You worshipped Dithmenos.
Dithmenos was noncommittal.
You were not hungry.

You visited 1 branch of the dungeon, and saw 2 of its levels.

You collected 58 gold pieces.

Inventory:

Hand Weapons
 a - a +0 short sword (weapon)
Missiles
 k - 8 curare-tipped needles
Armour
 b - a +0 leather armour (worn)
 p - a +0 pair of gloves (worn)
   (You found it on level 1 of the Dungeon)
 q - a +0 pair of boots (worn)
   (You found it on level 2 of the Dungeon)
Wands
 c - a wand of flame (11)
 d - a wand of enslavement (15)
 e - a wand of random effects (15)
Scrolls
 g - 4 scrolls of identify {unknown}
 i - 2 scrolls of remove curse {unknown}
 l - a scroll of fog {unknown}
Potions
 h - a potion of lignification {unknown}
 j - a potion of magic {unknown}
 m - a potion of ambrosia {unknown}
 o - a potion of curing {unknown}
Comestibles
 f - a ration


   Skills:
 + Level 2.0 Fighting
 + Level 2.5 Short Blades
 + Level 3.1 Dodging
 + Level 2.6 Stealth
 + Level 4.1 Evocations


You had 3 spell levels left.
You didn't know any spells.
Your spell library was empty.

Dungeon Overview and Level Annotations

Branches:
Dungeon (2/15)

Altars:
Dithmenos


Innate Abilities, Weirdness & Mutations

You are small and have problems with some larger weapons.
You are carnivorous and can eat meat at any time.


Message History

A bat is nearby!
An iguana, a bat, a rat and a quokka come into view.
The helpless rat fails to defend itself.
You puncture the rat!
You kill the rat!
Dithmenos accepts your kill. The bat hits you.
You take 1 damage, and have 25/26 hp.
You closely miss the bat. The bat hits you but does no damage.
The iguana hisses angrily.
The bat hits you but does no damage.
You closely miss the bat. The bat closely misses you.
A rat comes into view.
The bat misses you.
You hit the bat but do no damage. The bat misses you. The bat hits you.
You barely miss the bat. The bat hits you but does no damage.
The bat closely misses you.
You take 1 damage, and have 24/26 hp.
You hit the bat. The bat hits you. The bat misses you.
You hit the iguana. The bat hits you but does no damage. The bat misses you.
The bat hits you but does no damage. The bat closely misses you.
The bat closely misses you. The bat hits you but does no damage.
The bat hits you but does no damage. x2
The bat barely misses you. The bat misses you.
The bat hits you but does no damage.
You barely miss the bat. The bat barely misses you. x2
You barely miss the bat. The bat misses you. The bat barely misses you.
The bat completely misses you.
Okay, then.
Unknown command.
You barely miss the bat. The bat barely misses you.
You hit the bat.
You kill the bat!
Dithmenos accepts your kill. The bat hits you but does no damage.
The bat hits you.
You take 1 damage, and have 23/26 hp.
You miss the bat. The bat closely misses you.
You closely miss the bat. The bat barely misses you.
The bat hits you but does no damage.
You closely miss the bat. The bat closely misses you. x2
You closely miss the bat. The bat barely misses you. The bat hits you.
You take 1 damage, and have 23/26 hp.
You barely miss the bat. The bat barely misses you.
The bat completely misses you.
You closely miss the bat. The bat misses you.
The bat hits you but does no damage.
You hit the bat.
You kill the bat!
Dithmenos accepts your kill.
You hit the quokka. The quokka completely misses you.
You hit the quokka.
You kill the quokka!
Dithmenos accepts your kill.
You hit the rat.
You kill the rat!
Dithmenos accepts your kill.
You hit the iguana but do no damage. The iguana bites you!
You take 9 damage, and have 14/26 hp.
MASSIVE DAMAGE!!
You barely miss the iguana. The iguana barely misses you.
You hit the iguana but do no damage. The iguana barely misses you.
You hit the iguana but do no damage. The iguana completely misses you.
You hit the iguana. The iguana bites you.
You take 2 damage, and have 12/26 hp.
You hit the iguana but do no damage. The iguana barely misses you.
You hit the iguana. The iguana closely misses you.
You hit the iguana. The iguana closely misses you.
You closely miss the iguana. The iguana barely misses you.
You closely miss the iguana. You barely miss the iguana.
The iguana bites you but does no damage.
You hit the iguana but do no damage. The iguana closely misses you.
You closely miss the iguana. The iguana completely misses you.
You hit the iguana. The iguana barely misses you.
You barely miss the iguana. The iguana barely misses you.
You hit the iguana. The iguana barely misses you.
You hit the iguana but do no damage. The iguana bites you.
You take 4 damage, and have 8/26 hp.
Unknown command.
You hit the iguana but do no damage.
The iguana hisses menacingly.
The iguana bites you.
* * * LOW HITPOINT WARNING * * *
You take 1 damage, and have 7/26 hp.
Your leather armour prevents you from hitting the iguana.
The iguana bites you.
* * * LOW HITPOINT WARNING * * *
You take 5 damage, and have 2/26 hp.
Unknown command.
That item cannot be evoked!
Aim: an iguana (severely wounded)
The puff of flame misses the iguana.
The iguana barely misses you.
There is a stone staircase leading up here.
The iguana bites you but does no damage.
You climb upwards.
There is a stone staircase leading down here.
It was a potion of resistance.
You feel protected. The iguana bites you.
You die...

########## ########
#........###########.......
#.###>...l@............###.
######.#........[...............
#....#.#.####..#.####.###.#.###.
#....#.#.# #..#.# #.# #.#..##.
#....#.#.####..#.# #.# #.##.##.
#....#†#.......#.# #.# #.##.##.
#....#.#########.# #.# #.....+.
#......##........####)# ####.##.
#......##.######......######..#.


You could see an iguana.

Vanquished Creatures
  2 adders (D:2)
  An ooze (D:1)
  A dart slug (D:1)
  3 leopard geckos
  7 bats
  5 hobgoblins
  A quokka (D:2)
  2 frilled lizards (D:1)
  2 goblins
  7 kobolds
  6 rats
37 creatures vanquished.

Notes
Turn   | Place    | Note
-------+----------+-------------------------------------------
     0 | D:1      | mhoghedin the Kobold Artificer began the quest for the Orb.
     0 | D:1      | Reached XP level 1. HP: 12/12 MP: 3/3
   273 | D:1      | Reached XP level 2. HP: 16/16 MP: 4/4
   611 | D:1      | Reached skill level 2 in Stealth
   831 | D:1      | Reached skill level 2 in Short Blades
   831 | D:1      | Reached XP level 3. HP: 15/20 MP: 5/5
  1239 | D:2      | Reached skill level 4 in Evocations
  1247 | D:2      | Reached skill level 3 in Dodging
  1250 | D:2      | HP: 4/21 [kobold/short sword (2)]
  1633 | D:2      | Reached skill level 2 in Fighting
  1633 | D:2      | Reached XP level 4. HP: 18/26 MP: 7/7
  1899 | D:2      | Found a shadowy altar of Dithmenos.
  1920 | D:2      | Became a worshipper of Dithmenos the Shadowed
  2095 | D:2      | HP: 2/26 [iguana (5)]
  2108 | D:1      | Slain by an iguana

Skill      XL: |  1  2  3 |
---------------+----------+-----
Stealth        | 2 |  2.6
Short Blades   | 2 |  2.5
Evocations     | 4 |  4.1
Dodging        | 3 |  3.1
Fighting       | 2 |  2.0

Action                   |  1- 3 |  4- 6 || total
-------------------------+-------+-------++-------
Melee: Short sword       |   182 |    50 ||   232
Evoke: Wand              |     2 |     2 ||     4
  Use: Potion            |       |     1 ||     1
 Stab: Sleeping          |     1 |     1 ||     2
  Eat: Chunk             |     4 |       ||     4
Armor: Leather armour    |    53 |    15 ||    68
Dodge: Dodged            |   184 |    43 ||   227

Vault maps used:
D:1:      minmay_arrival_doors, serial_glass, glass_columns_a, glass_columns_a,
          minmay_misc_feat_four_crosses
D:2:      nicolae_dithmenos_shadow_blocks, first_ration, st_stairs_13

Table legend:
 A = Turns spent in this place as a percentage of turns spent in the entire game.
 B = Non-inter-level travel turns spent in this place as a percentage of non-inter-level travel turns spent in the entire game.
 C = Inter-level travel turns spent in this place as a percentage of turns spent in this place.
 D = Turns resting spent in this place as a percentage of non-inter-level travel turns spent in this place.
 E = Turns spent auto-exploring this place as a percentage of non-inter-level travel turns spent in this place.
 F = Non-inter-level travel turns spent in this place divided by the number of levels of this place that you've seen.
                   A       B       C       D       E      F
               +-------+-------+-------+-------+-------+----------------------
         Total | 100.0 | 100.0 |   0.5 |  51.5 |  26.3 | 1048.5
       Dungeon | 100.0 | 100.0 |   0.5 |  51.5 |  26.3 | 1048.5
               +-------+-------+-------+-------+-------+----------------------

Table legend:
 A = Kills in this place as a percentage of kills in entire the game.
 B = Kills by you in this place as a percentage of kills by you in the entire game.
 C = Kills by friends in this place as a percentage of kills by friends in the entire game.
 D = Other kills in this place as a percentage of other kills in the entire game.
 E = Experience gained in this place as a percentage of experience gained in the entire game.
 F = Experience gained in this place divided by the number of levels of this place that you have seen.
                   A       B       C       D       E      F
               +-------+-------+-------+-------+-------+----------------------
         Total | 100.0 | 100.0 |   N/A |   N/A | 100.0 |  45.0
       Dungeon | 100.0 | 100.0 |   N/A |   N/A | 100.0 |  45.0
               +-------+-------+-------+-------+-------+----------------------
